TOP OF THE 1ST |
BlackIron Dragons batting - Pitching for Wichita Wranglers : RHP George Lockhart
|
Pitching: RHP George Lockhart
|
|
Batting: RHB José Colón
|
0-0: SINGLE (Groundball, 56D)
|
Batting: RHB Boyd Pittman
|
0-0: SINGLE (Flyball, 8RS) José Colón to second
|
Batting: RHB Gil Palmer
|
0-0: Swinging Strike 0-1: Ball 1-1: Ball 2-1: Grounds into double play, 5-4-3 (Groundball, 56) José Colón to third
|
Batting: LHB Culley Vaughan
|
0-0: Ball 1-0: Ball 2-0: Foul Ball, location: 2F 2-1: Called Strike 2-2: Strikes out swinging
|
Top of the 1st over - 0 run(s), 2 hit(s), 0 error(s), 1 left on base; BlackIron 0 - Wichita 0 |
BOTTOM OF THE 1ST |
Wichita Wranglers batting - Pitching for BlackIron Dragons : RHP Víctor Ventura
|
Pitching: RHP Víctor Ventura
|
|
Batting: RHB Desi Thompson
|
0-0: Ball 1-0: Ball 2-0: Called Strike 2-1: Fly out, F9 (Flyball, 89M)
|
Batting: SHB Giancarlo Giannini
|
0-0: Called Strike 0-1: Called Strike 0-2: Ball 1-2: Ball 2-2: SOLO HOME RUN (Flyball, 9D), Distance : 388 ft
|
Batting: RHB Don Thomas
|
0-0: Ball 1-0: Swinging Strike 1-1: Swinging Strike 1-2: Strikes out swinging
|
Batting: SHB Javier Peña
|
0-0: SINGLE (Line Drive, 7S)
|
Batting: RHB Ed Watkins
|
0-0: Ball 1-0: Called Strike 1-1: SINGLE (Groundball, 56) Javier Peña to second
|
Batting: LHB Alfredo Sánchez
|
0-0: Swinging Strike 0-1: Ball 1-1: Foul Ball, location: 2F 1-2: Foul Ball, location: 2F 1-2: Strikes out looking
|
Bottom of the 1st over - 1 run(s), 3 hit(s), 0 error(s), 2 left on base; BlackIron 0 - Wichita 1 |
TOP OF THE 2ND |
BlackIron Dragons batting - Pitching for Wichita Wranglers : RHP George Lockhart
|
Batting: RHB Preston MacLyan
|
0-0: Foul Ball, location: 2F 0-1: Foul Ball, location: 2F 0-2: Strikes out swinging
|
Batting: RHB Frank Maxwell
|
0-0: Ball 1-0: Swinging Strike 1-1: Swinging Strike 1-2: Ball 2-2: Foul Ball, location: 2F 2-2: Strikes out swinging
|
Batting: RHB Mark Arnold
|
0-0: Foul Ball, location: 2F 0-1: Called Strike 0-2: Strikes out swinging
|
Top of the 2nd over - 0 run(s), 0 hit(s), 0 error(s), 0 left on base; BlackIron 0 - Wichita 1 |
BOTTOM OF THE 2ND |
Wichita Wranglers batting - Pitching for BlackIron Dragons : RHP Víctor Ventura
|
Batting: RHB Oliver Todd
|
0-0: Called Strike 0-1: Foul Ball, location: 2F 0-2: Ball 1-2: Strikes out swinging
|
Batting: RHB Dave Henderson
|
0-0: Called Strike 0-1: Called Strike 0-2: Strikes out swinging
|
Batting: RHB Ralph Lambert
|
0-0: Fly out, F3 (Popup, 3SF)
|
Bottom of the 2nd over - 0 run(s), 0 hit(s), 0 error(s), 0 left on base; BlackIron 0 - Wichita 1 |
TOP OF THE 3RD |
BlackIron Dragons batting - Pitching for Wichita Wranglers : RHP George Lockhart
|
Batting: RHB Doug O'Brien
|
0-0: Called Strike 0-1: Ball 1-1: Ball 2-1: SOLO HOME RUN (Flyball, 78XD), Distance : 380 ft
|
Batting: RHB Eugene Payne
|
0-0: Called Strike 0-1: Ball 1-1: Ball 2-1: Called Strike 2-2: Strikes out swinging
|
Batting: RHB José Colón
|
0-0: Ball 1-0: Called Strike 1-1: Ball 2-1: SINGLE (Line Drive, 7LM)
|
Batting: RHB Boyd Pittman
|
0-0: Ball 1-0: Called Strike 1-1: Called Strike 1-2: Ball 2-2: Ground out 5-3 (Groundball, 5S) José Colón to second
|
Batting: RHB Gil Palmer
|
0-0: Ball 1-0: Foul Ball, location: 2F 1-1: Foul Ball, location: 2F 1-2: Ground out 1-3 (Groundball, 13S)
|
Top of the 3rd over - 1 run(s), 2 hit(s), 0 error(s), 1 left on base; BlackIron 1 - Wichita 1 |
BOTTOM OF THE 3RD |
Wichita Wranglers batting - Pitching for BlackIron Dragons : RHP Víctor Ventura
|
Batting: RHB Desi Thompson
|
0-0: Called Strike 0-1: SINGLE (Groundball, 15) (infield hit)
|
Batting: SHB Giancarlo Giannini
|
0-0: Ball 1-0: Swinging Strike 1-1: Swinging Strike 1-2: Foul Ball, location: 2F 1-2: SINGLE (Line Drive, 6D) Desi Thompson to second
|
Batting: RHB Don Thomas
|
0-0: Called Strike 0-1: Ball 1-1: Ball 2-1: Ball 3-1: Base on Balls Desi Thompson to third Giancarlo Giannini to second
|
Batting: SHB Javier Peña
|
0-0: Ball 1-0: Ball 2-0: Called Strike 2-1: Ball 3-1: Foul Ball, location: 2F 3-2: Foul Ball, location: 2F 3-2: Foul Ball, location: 2F 3-2: Base on Balls Desi Thompson scores Giancarlo Giannini to third Don Thomas to second
|
Batting: RHB Ed Watkins
|
0-0: Ball 1-0: Called Strike 1-1: SINGLE (Groundball, 34D) - runner OUT being hit by batted ball. Giancarlo Giannini scores Don Thomas to third
|
Batting: LHB Alfredo Sánchez
|
0-0: Swinging Strike 0-1: Fly out, F8 (Line Drive, 8RM) Runner from 3rd tags up, SCORES, throw made
|
Batting: RHB Oliver Todd
|
0-0: Fly out, F9 (Flyball, 9M)
|
Bottom of the 3rd over - 3 run(s), 3 hit(s), 0 error(s), 1 left on base; BlackIron 1 - Wichita 4 |
TOP OF THE 4TH |
BlackIron Dragons batting - Pitching for Wichita Wranglers : RHP George Lockhart
|
Batting: LHB Culley Vaughan
|
0-0: Ground out U3 (Groundball, 3)
|
Batting: RHB Preston MacLyan
|
0-0: SINGLE (Line Drive, 7LS)
|
Batting: RHB Frank Maxwell
|
0-0: Ball 1-0: Ball 2-0: Ball 3-0: Called Strike 3-1: Grounds into double play, 5-4-3 (Groundball, 5)
|
Top of the 4th over - 0 run(s), 1 hit(s), 0 error(s), 0 left on base; BlackIron 1 - Wichita 4 |
BOTTOM OF THE 4TH |
Wichita Wranglers batting - Pitching for BlackIron Dragons : RHP Víctor Ventura
|
Batting: RHB Dave Henderson
|
0-0: Called Strike 0-1: Foul Ball, location: 2F 0-2: Ball 1-2: Ball 2-2: SINGLE (Line Drive, 89S)
|
Batting: RHB Ralph Lambert
|
0-0: Ball 1-0: Foul Ball, location: 2F 1-1: Foul Ball, location: 2F 1-2: Fielders Choice at 2nd, 3-6 (Groundball, 3)
|
Batting: RHB Desi Thompson
|
0-0: Foul Ball, location: 2F 0-1: Called Strike 0-2: Ball 1-2: Foul Ball, location: 2F 1-2: Ball 2-2: Strikes out swinging
|
Batting: SHB Giancarlo Giannini
|
0-0: Ball 1-0: Foul Ball, location: 2F 1-1: Fly out, F7 (Flyball, 78XD)
|
Bottom of the 4th over - 0 run(s), 1 hit(s), 0 error(s), 1 left on base; BlackIron 1 - Wichita 4 |
TOP OF THE 5TH |
BlackIron Dragons batting - Pitching for Wichita Wranglers : RHP George Lockhart
|
Batting: RHB Mark Arnold
|
0-0: Ball 1-0: Ball 2-0: Called Strike 2-1: Ball 3-1: Called Strike 3-2: Strikes out looking
|
Batting: RHB Doug O'Brien
|
0-0: Foul Ball, location: 2F 0-1: Foul Ball, location: 2F 0-2: Ball 1-2: Ball 2-2: Foul Ball, location: 2F 2-2: SOLO HOME RUN (Line Drive, 7LD), Distance : 351 ft
|
Batting: RHB Eugene Payne
|
0-0: Foul Ball, location: 2F 0-1: Swinging Strike 0-2: Ball 1-2: Ball 2-2: Foul Ball, location: 2F 2-2: Ball 3-2: Strikes out swinging
|
Batting: RHB José Colón
|
0-0: Ball 1-0: Ball 2-0: Called Strike 2-1: Ground out 6-3 (Groundball, 6MS)
|
Top of the 5th over - 1 run(s), 1 hit(s), 0 error(s), 0 left on base; BlackIron 2 - Wichita 4 |
BOTTOM OF THE 5TH |
Wichita Wranglers batting - Pitching for BlackIron Dragons : RHP Víctor Ventura
|
Batting: RHB Don Thomas
|
0-0: Called Strike 0-1: Foul Ball, location: 2F 0-2: Foul Ball, location: 2F 0-2: Strikes out swinging
|
Batting: SHB Javier Peña
|
0-0: Ball 1-0: Foul Ball, location: 2F 1-1: Swinging Strike 1-2: Ball 2-2: Strikes out looking
|
Batting: RHB Ed Watkins
|
0-0: Ball 1-0: Foul Ball, location: 2F 1-1: Swinging Strike 1-2: Strikes out swinging
|
Bottom of the 5th over - 0 run(s), 0 hit(s), 0 error(s), 0 left on base; BlackIron 2 - Wichita 4 |
TOP OF THE 6TH |
BlackIron Dragons batting - Pitching for Wichita Wranglers : RHP George Lockhart
|
Batting: RHB Boyd Pittman
|
0-0: Foul Ball, location: 2F 0-1: Ball 1-1: SINGLE (Groundball, 13) (infield hit)
|
Batting: RHB Gil Palmer
|
0-0: Called Strike 0-1: Swinging Strike 0-2: Ball 1-2: SINGLE (Line Drive, 78S) Boyd Pittman to second
|
Batting: LHB Culley Vaughan
|
0-0: Ball 1-0: Foul Ball, location: 2F 1-1: Foul Ball, location: 2F 1-2: Ball 2-2: Strikes out swinging
|
Batting: RHB Preston MacLyan
|
0-0: Called Strike 0-1: Ball 1-1: Swinging Strike 1-2: Foul Ball, location: 2F 1-2: Foul Ball, location: 2F 1-2: Fly out, F7 (Line Drive, 7M)
|
Pitching: RHP Luis Pérez
|
|
Batting: RHB Frank Maxwell
|
0-0: Called Strike 0-1: Fly out, F3 (Popup, 3F)
|
Top of the 6th over - 0 run(s), 2 hit(s), 0 error(s), 2 left on base; BlackIron 2 - Wichita 4 |
BOTTOM OF THE 6TH |
Wichita Wranglers batting - Pitching for BlackIron Dragons : RHP Víctor Ventura
|
Batting: LHB Alfredo Sánchez
|
0-0: Called Strike 0-1: Foul Ball, location: 2F 0-2: Ground out U3 (Groundball, 3)
|
Batting: RHB Oliver Todd
|
0-0: Called Strike 0-1: Ball 1-1: Ball 2-1: Ball 3-1: Base on Balls
|
Pitching: RHP Bret McJannett
|
|
Batting: RHB Dave Henderson
|
0-0: Called Strike 0-1: Ball 1-1: Ball Oliver Todd steals 2nd base 2-1: Intentional Walk
|
Batting: RHB Ralph Lambert
|
Reached via error on a dropped throw, E4 Oliver Todd to third Dave Henderson to second
|
Batting: RHB Desi Thompson
|
0-0: Fly out, F3 (Popup, 3SF)
|
Batting: SHB Giancarlo Giannini
|
0-0: Called Strike 0-1: DOUBLE (Line Drive, 7LM) Oliver Todd scores Dave Henderson scores Ralph Lambert to third
|
Batting: RHB Don Thomas
|
0-0: Called Strike 0-1: Foul Ball, location: 2F 0-2: Strikes out swinging
|
Bottom of the 6th over - 2 run(s), 1 hit(s), 1 error(s), 2 left on base; BlackIron 2 - Wichita 6 |
TOP OF THE 7TH |
BlackIron Dragons batting - Pitching for Wichita Wranglers : RHP Luis Pérez
|
Batting: RHB Mark Arnold
|
0-0: Called Strike 0-1: Ball 1-1: Foul Ball, location: 2F 1-2: Strikes out looking
|
Batting: RHB Doug O'Brien
|
0-0: Ball 1-0: Ball 2-0: Ball 3-0: Called Strike 3-1: Base on Balls
|
Batting: RHB Eugene Payne
|
0-0: Ball 1-0: DOUBLE (Flyball, 78M) Doug O'Brien to third Runner from 3rd tries for Home, SAFE, throw made home
|
Batting: RHB José Colón
|
0-0: Ball Eugene Payne steals 3rd base 1-0: Ball 2-0: Ball 3-0: Called Strike 3-1: SINGLE (Groundball, 6D) Eugene Payne scores
|
Batting: RHB Boyd Pittman
|
0-0: Grounds into double play, 6-4-3 (Groundball, 6M)
|
Top of the 7th over - 2 run(s), 2 hit(s), 0 error(s), 0 left on base; BlackIron 4 - Wichita 6 |
BOTTOM OF THE 7TH |
Wichita Wranglers batting - Pitching for BlackIron Dragons : RHP Bret McJannett
|
Batting: SHB Javier Peña
|
0-0: Called Strike 0-1: SINGLE (Groundball, 34D)
|
Batting: RHB Ed Watkins
|
0-0: Called Strike 0-1: Ball 1-1: Ball 2-1: Ball 3-1: Swinging Strike 3-2: Fly out, F6 (Popup, 15)
|
Batting: LHB Alfredo Sánchez
|
0-0: Ball 1-0: Called Strike 1-1: Swinging Strike 1-2: Ball Passed Ball! Javier Peña to second 2-2: Ball 3-2: Intentional Walk
|
Batting: RHB Oliver Todd
|
0-0: SINGLE (Groundball, 5L) (infield hit) Javier Peña to third Alfredo Sánchez to second
|
Pinch Hitting: LHB Bill Frazier
|
0-0: Ball 1-0: SINGLE (Line Drive, 9LS) Javier Peña scores Alfredo Sánchez to third Oliver Todd to second
|
Batting: RHB Ralph Lambert
|
0-0: Fly out, F6 (Line Drive, 6) 0-0: Fly out, F6 (Line Drive, 6)
|
Batting: RHB Desi Thompson
|
0-0: Swinging Strike 0-1: Ball 1-1: Ball 2-1: Ball 3-1: Base on Balls Alfredo Sánchez scores Oliver Todd to third Bill Frazier to second
|
Batting: SHB Giancarlo Giannini
|
0-0: Ball Passed Ball! Oliver Todd scores Bill Frazier to third Desi Thompson to second 1-0: Called Strike 1-1: Ground out 4-3 (Groundball, 34)
|
Bottom of the 7th over - 3 run(s), 3 hit(s), 0 error(s), 2 left on base; BlackIron 4 - Wichita 9 |
TOP OF THE 8TH |
BlackIron Dragons batting - Pitching for Wichita Wranglers : RHP Luis Pérez
|
Now at 2B: Lewis Woods
|
|
Batting: RHB Gil Palmer
|
0-0: Ball 1-0: Ball 2-0: Ground out 6-3 (Groundball, 6)
|
Batting: LHB Culley Vaughan
|
0-0: Ball 1-0: Ball 2-0: Ball 3-0: Called Strike 3-1: Base on Balls
|
Batting: RHB Preston MacLyan
|
0-0: Foul Ball, location: 2F 0-1: Ball 1-1: Grounds into double play, 5-4-3 (Groundball, 5)
|
Top of the 8th over - 0 run(s), 0 hit(s), 0 error(s), 0 left on base; BlackIron 4 - Wichita 9 |
BOTTOM OF THE 8TH |
Wichita Wranglers batting - Pitching for BlackIron Dragons : RHP Bret McJannett
|
Pitching: RHP Ken Burris
|
|
Batting: RHB Don Thomas
|
0-0: Called Strike 0-1: Ball 1-1: Foul Ball, location: 2F 1-2: Ground out 2-3 (Groundball, 23)
|
Batting: SHB Javier Peña
|
0-0: Ball 1-0: Called Strike 1-1: Foul Ball, location: 2F 1-2: Ball 2-2: Fly out, F7 (Flyball, 7LM)
|
Batting: RHB Ed Watkins
|
0-0: Ball 1-0: SINGLE (Groundball, 25) (infield hit)
|
Batting: LHB Alfredo Sánchez
|
0-0: Ball 1-0: Called Strike 1-1: Ball 2-1: Ball 3-1: Called Strike 3-2: Ground out U3 (Groundball, 3)
|
Bottom of the 8th over - 0 run(s), 1 hit(s), 0 error(s), 1 left on base; BlackIron 4 - Wichita 9 |
TOP OF THE 9TH |
BlackIron Dragons batting - Pitching for Wichita Wranglers : RHP Luis Pérez
|
Now at C: Eric Peterson
|
|
Now at 3B: James Stevens
|
|
Batting: RHB Frank Maxwell
|
0-0: Ball 1-0: Foul Ball, location: 2F 1-1: Ball 2-1: Swinging Strike 2-2: Fly out, F7 (Line Drive, 7D)
|
Batting: RHB Mark Arnold
|
0-0: Ball 1-0: Called Strike 1-1: Ball 2-1: Ball 3-1: Foul Ball, location: 2F 3-2: Strikes out swinging
|
Pitching: RHP Craig Adams
|
|
Batting: RHB Doug O'Brien
|
0-0: Ball 1-0: Ball 2-0: Called Strike 2-1: Ball 3-1: Base on Balls
|
Batting: RHB Eugene Payne
|
0-0: Ball 1-0: Ball 2-0: Called Strike 2-1: Ball 3-1: Foul Ball, location: 2F 3-2: Base on Balls Doug O'Brien to second
|
Batting: RHB José Colón
|
0-0: Ball 1-0: Ball 2-0: Ground out 6-3 (Groundball, 6)
|
Top of the 9th over - 0 run(s), 0 hit(s), 0 error(s), 2 left on base; BlackIron 4 - Wichita 9 |
|